Map: [ESL] Dragon Scales

Players

Solar

  • Race: Zerg Zerg
  • Spawn Location: 11:00

GuMiho - Winner!

  • Race: Terran Terran
  • Spawn Location: 5:00

Event: ESL SC2 Masters 2023 Summer (Finals)

VOD

Have the link to the VOD?

Description

Time

  • Played on: June 18, 2023, 11:16 a.m.
  • Length: 11:11

All games in this series

Show
View Real Time Build Order
Export as new Build Order

Solar Zerg 

Build Orders: Hatch First 

Get SALT Encoding   

  12  0:00  Drone  
  13  0:12  Overlord  
  13  0:17  Drone  
  14  0:31  Drone x2  
  16  0:47  Hatchery  
  15  0:51  Drone  
  15  0:54  Drone  
  17  0:58  Drone  
  18  1:08  Extractor  
  17  1:13  Spawning Pool  
  17  1:16  Drone  
  17  1:19  Drone  
  18  1:27  Drone  
  19  1:39  Drone  
  20  1:50  Drone  
  21  1:59  Queen x2  
  21  2:00  Zergling x4  
  27  2:11  Overlord  
  27  2:12  Drone  
  27  2:13  Metabolic Boost  
  28  2:28  Hatchery  
  28  2:29  Drone  
  28  2:32  Drone  
  28  2:34  Drone  
  30  2:42  Queen  
  32  2:46  Overlord  
  32  2:49  Drone  
  33  2:54  Drone x2  
  33  2:56  Drone  
  36  3:06  Drone x2  
  36  3:09  Drone x3  
  41  3:17  Queen  
  41  3:18  Overlord  
  43  3:21  Overlord  
  43  3:25  Zergling x2  
  44  3:36  Queen, Overlord  
  44  3:38  Zergling x2  
  44  3:40  Zergling x2  
  44  3:41  Zergling x8  
  51  3:46  Queen  
  54  3:52  Drone  
  54  3:53  Drone x3  
  54  3:55  Zergling x2  
  59  4:01  Drone x2  
  60  4:05  Drone  
  60  4:07  Drone  
  59  4:11  Zergling x2  
  59  4:12  Drone  
  59  4:14  Queen  
  59  4:15  Overlord  
  63  4:22  Queen  
  65  4:25  Spore Crawler  
  65  4:26  Drone x2  
  65  4:30  Drone x4  
  70  4:33  Overlord  
  70  4:34  Spore Crawler  
  70  4:35  Drone  
  70  4:41  Drone  
  70  4:44  Drone x5  
  76  4:55  Zergling x6  
  76  4:59  Overlord  
  79  5:01  Extractor, Lair  
  79  5:02  Drone x3  
  79  5:06  Roach Warren  
  80  5:07  Extractor, Overlord  
  80  5:08  Extractor  
  80  5:09  Drone  
  80  5:12  Overlord  
  79  5:16  Extractor  
  79  5:17  Extractor  
  79  5:18  Drone  
  79  5:19  Drone  
  79  5:22  Drone  
  79  5:23  Drone  
  79  5:24  Drone x2  
  83  5:30  Drone  
  83  5:32  Drone x4  
  83  5:33  Drone x2  
  90  5:40  Evolution Chamber  
  90  5:41  Drone  
  90  5:43  Evolution Chamber  
  90  5:45  Overlord  
  90  5:46  Drone  
  90  5:53  Drone  
  90  5:55  Drone x2  
  93  5:58  Hatchery  
  93  6:00  Glial Reconstitution  
  93  6:03  Overlord  
  93  6:04  Drone  
  93  6:07  Zerg Missile Weapons Level 1  
  93  6:09  Roach x5  
  103  6:12  Zerg Ground Armor Level 1  
  103  6:15  Roach x2  
  107  6:20  Roach x3  
  107  6:22  Overlord  
  107  6:23  Overlord  
  113  6:31  Overseer  
  113  6:32  Overlord  
  112  6:41  Roach x8  
  112  6:42  Ravager x4  
  112  6:46  Overlord  
  132  6:48  Roach x2  
  132  6:50  Overlord  
  132  6:53  Roach x2  
  138  7:01  Overlord  
  137  7:06  Roach x2, Ravager  
  137  7:07  Roach x2  
  146  7:10  Roach x5  
  146  7:14  Roach x2  
  160  7:17  Overlord  
  160  7:22  Overlord  
  160  7:24  Roach x3  
  166  7:30  Roach  
  166  7:33  Overlord x2  
  166  7:36  Roach x2  
  166  7:37  Roach x2  
  176  7:41  Ravager x2  
  176  7:42  Ravager x2  
  180  7:44  Roach x2  
  180  7:46  Overlord  
  184  7:53  Roach x7  
  193  7:59  Roach x3  
  193  8:05  Roach x2  
  152  8:13  Roach  
  152  8:14  Roach x6  
  141  8:20  Drone x6  
  141  8:22  Baneling Nest  
  141  8:24  Extractor  
  141  8:25  Drone x2  
  141  8:26  Drone  
  148  8:29  Zerg Melee Weapons Level 1  
  148  8:30  Drone x2  
  148  8:32  Drone  
  148  8:33  Drone  
  152  8:38  Zerg Ground Armor Level 2  
  152  8:39  Zergling x2  
  152  8:40  Zergling x2  
  154  8:45  Zergling x2  
  154  8:46  Zergling x2  
  154  8:47  Infestation Pit  
  155  8:50  Drone x3  
  155  8:53  Ravager  
  159  9:00  Ravager x2  
  159  9:01  Zergling x10  
  166  9:06  Hatchery  
  166  9:09  Drone x3  
  168  9:10  Centrifugal Hooks  
  168  9:12  Zergling x12  
  168  9:15  Overseer  
  174  9:17  Zergling x8  
  178  9:26  Hive  
  178  9:27  Zergling x12  
  184  9:33  Zergling x10  
  177  9:39  Roach, Zergling x8  
  177  9:44  Roach  
  148  9:52  Roach x2  
  148  9:53  Roach x7  
  148  9:58  Roach x4  
  145  10:03  Drone x2  
  145  10:04  Drone  
  137  10:09  Roach  
  137  10:11  Drone  
  137  10:15  Drone x2  
  137  10:16  Baneling x8  
  137  10:18  Roach  
  137  10:20  Drone, Ravager x2  
  141  10:22  Zergling x2  
  141  10:23  Zergling x12  
  141  10:25  Drone x2  
  149  10:31  Drone x3  
  149  10:35  Ravager x4  
  156  10:38  Zergling x10  
  156  10:42  Baneling x4  
  158  10:43  Zergling x6  
  158  10:45  Zergling x4  
  158  10:49  Zergling x8  
  157  10:51  Zergling x4  
Show
View Real Time Build Order
Export as new Build Order

GuMiho Terran - Winner!

Build Orders: Hellion Opening 

Get SALT Encoding   

  12  0:00  SCV  
  13  0:12  SCV  
  14  0:16  Supply Depot  
  14  0:24  SCV  
  15  0:38  SCV  
  15  0:40  Barracks  
  16  0:43  Refinery  
  16  0:50  SCV  
  17  1:02  SCV  
  18  1:14  SCV  
  19  1:26  Barracks Reactor  
  19  1:27  Orbital Command  
  19  1:38  Command Center  
  19  1:47  Supply Depot  
  19  1:52  SCV  
  20  2:02  Marine x2  
  20  2:04  SCV  
  23  2:11  Factory  
  23  2:16  SCV  
  23  2:20  Marine x2  
  26  2:29  SCV  
  27  2:38  Marine x2  
  27  2:41  SCV  
  30  2:50  Orbital Command  
  30  2:53  SCV  
  30  2:56  Starport  
  31  3:02  Hellion x2  
  31  3:03  Barracks Tech Lab  
  31  3:05  SCV  
  36  3:10  Bunker  
  36  3:16  Supply Depot  
  36  3:17  SCV  
  36  3:18  SCV  
  38  3:24  Hellion  
  38  3:26  Hellion  
  42  3:30  SCV x2  
  44  3:42  SCV x2  
  44  3:47  Supply Depot  
  44  3:48  Hellion x2  
  50  3:51  Raven  
  50  3:54  SCV x2  
  49  4:02  Supply Depot  
  49  4:06  SCV  
  49  4:07  SCV  
  49  4:09  Hellion x2  
  51  4:16  Command Center  
  50  4:19  SCV x2  
  52  4:31  SCV  
  52  4:32  SCV  
  52  4:33  Stimpack, Marine  
  52  4:35  Barracks  
  52  4:37  Refinery  
  52  4:38  Refinery  
  55  4:41  Barracks  
  55  4:43  Factory Reactor  
  55  4:46  SCV x2  
  55  4:50  Engineering Bay, Marine  
  55  4:52  Engineering Bay  
  58  4:54  Refinery  
  58  4:58  SCV  
  58  4:59  SCV  
  60  5:00  Starport Reactor  
  60  5:08  Marine  
  60  5:10  Barracks  
  60  5:11  Barracks, SCV x2  
  63  5:23  SCV x2  
  63  5:25  Terran Infantry Weapons Level 1  
  63  5:26  Marine  
  66  5:30  Orbital Command  
  66  5:32  Factory Tech Lab  
  66  5:33  Marine x2  
  66  5:35  SCV x2  
  70  5:36  Terran Infantry Armor Level 1  
  70  5:38  Supply Depot  
  70  5:40  Marine  
  70  5:41  Marine, Supply Depot  
  72  5:44  Marine  
  73  5:50  Medivac x2  
  73  5:52  SCV x2  
  79  5:58  Barracks Reactor x2  
  79  5:59  Marine x3  
  79  6:00  Marine  
  83  6:04  Supply Depot  
  83  6:08  Siege Tank  
  86  6:12  Orbital Command  
  86  6:13  Marine  
  86  6:16  SCV x2, Marine  
  86  6:17  Marine x3  
  93  6:24  Supply Depot  
  93  6:25  Supply Depot  
  93  6:28  SCV  
  93  6:29  SCV  
  93  6:31  Marine  
  96  6:39  Armory  
  96  6:40  Marine x8, SCV  
  96  6:41  SCV  
  106  6:47  Siege Tank  
  108  6:59  Marine x5  
  108  7:00  Marine  
  114  7:02  Marine x3  
  114  7:03  Medivac  
  114  7:04  Combat Shield  
  119  7:10  Medivac  
  121  7:17  Marine x4  
  121  7:19  Marine, Supply Depot  
  121  7:21  SCV x2, Supply Depot  
  121  7:22  SCV  
  128  7:33  Terran Infantry Weapons Level 2, SCV, Refinery  
  128  7:34  SCV  
  128  7:35  Terran Infantry Armor Level 2  
  130  7:42  Factory  
  130  7:47  Marine x9  
  139  8:04  Marine  
  139  8:05  Marine x3  
  138  8:11  Marine x3  
  122  8:17  Marine x2  
  122  8:18  Siege Tank  
  122  8:19  Medivac  
  126  8:20  Medivac  
  126  8:22  Marine x2  
  126  8:26  Command Center  
  130  8:27  Marine x2, Factory Tech Lab  
  130  8:28  Marine  
  130  8:30  Supply Depot  
  130  8:31  SCV  
  130  8:32  SCV x2  
  136  8:35  Marine x2  
  136  8:36  Marauder, Marine  
  136  8:37  Concussive Shells  
  136  8:40  Marine  
  142  8:44  SCV x3  
  145  8:50  Siege Tank  
  145  8:53  Marine x2, Siege Tank  
  145  8:54  Marine  
  154  8:56  Marine x2  
  154  8:58  Marine  
  157  9:06  Supply Depot x2  
  157  9:07  Marine  
  157  9:08  Marauder  
  160  9:17  Barracks x2, Marine x3  
  160  9:18  Barracks, Marine  
  160  9:22  Siege Tank  
  167  9:26  Siege Tank  
  167  9:27  Marine x3  
  167  9:29  Marauder  
  167  9:30  Marine  
  176  9:34  Marine  
  176  9:35  Marine  
  176  9:43  Marine x2  
  164  9:48  Marine x3  
  164  9:49  Medivac  
  164  9:50  Marine  
  164  9:51  Marauder  
  164  9:52  Marine  
  157  9:54  Marine  
  157  9:55  Siege Tank  
  154  10:01  Marine x2  
  154  10:06  Marine x3  
  157  10:14  Marine x3, Siege Tank, Marauder  
  157  10:16  Barracks Tech Lab x3  
  157  10:18  Marine  
  157  10:19  Marine  
  164  10:24  Marine x2  
  164  10:27  Siege Tank  
  169  10:35  Marauder  
  171  10:37  Marine, Marauder  
  166  10:51  Marine  
  166  10:52  Marine  
Tags
 
Add a new tag
Caveats
  • Supply blocks, unpowered buildings, or Contaminate may cause inaccurate times.
  • Supply counts are checked every 10 seconds.